 Dungeon Crawl Stone Soup version 0.21-a0-143-g1ab7d47 (webtiles) character file.

161 drasked the Cudgeler (level 5, 0/45 HPs)
             Began as a Hill Orc Fighter on July 25, 2017.
             Was an Initiate of Beogh.
             Slain by grindst0ne's ghost (8 damage)
             ... on level 3 of the Dungeon.
             The game lasted 00:06:06 (2414 turns).

drasked the Cudgeler (Hill Orc Fighter)             Turns: 2414, Time: 00:06:07

Health: 0/45       AC: 10    Str: 20    XL:     5   Next: 42%
Magic:  5/5        EV:  7    Int:  8    God:    Beogh [......]
Gold:   159        SH:  9    Dex: 10    Spells: 4/4 levels left

rFire    . . .     SeeInvis .   d - +3 flail (drain)
rCold    . . .     Gourm    .   c - +0 shield
rNeg     . . .     Faith    .   b - +0 scale mail
rPois    .         Spirit   .   (no helmet)
rElec    .         Reflect  .   v - +0 cloak
rCorr    .         Harm     .   o - +0 pair of gloves
MR       .....                  p - +0 pair of boots
Stlth    ..........             (no amulet)
HPRegen  0.15/turn              (no ring)
MPRegen  0.09/turn              (no ring)

@: no status effects
A: no striking features
a: Renounce Religion


You were on level 3 of the Dungeon.
You worshipped Beogh.
Beogh was noncommittal.
You were hungry.

You visited 1 branch of the dungeon, and saw 3 of its levels.

You collected 159 gold pieces.

Inventory:

Hand Weapons
 d - a +3 flail of draining (weapon)
   (You took it off Terence on level 2 of the Dungeon)
Armour
 b - a +0 scale mail (worn)
 c - a +0 shield (worn)
 o - a +0 pair of gloves (worn)
   (You found it on level 2 of the Dungeon)
 p - a +0 pair of boots (worn)
   (You found it on level 2 of the Dungeon)
 v - a +0 cloak (worn)
   (You took it off Crazy Yiuf on level 2 of the Dungeon)
Wands
 u - a wand of random effects (26/48)
   (You found it on level 2 of the Dungeon)
Scrolls
 a - 3 scrolls of noise {unknown}
 e - a scroll of recharging {unknown}
 g - 2 scrolls of remove curse {unknown}
 h - 2 scrolls of teleportation {unknown}
 i - 2 scrolls of enchant armour {unknown}
 k - 2 scrolls of immolation {unknown}
 q - 3 scrolls of identify {unknown}
 y - a scroll of random uselessness {unknown}
Potions
 m - 2 potions of lignification {unknown}
 r - 2 potions of heal wounds {unknown}
 s - 2 potions of mutation {unknown}
 t - a potion of invisibility {unknown}
 w - a potion of curing {unknown}
 x - a potion of resistance {unknown}
 z - a potion of flight {unknown}
 A - a potion of degeneration {unknown}
Comestibles
 f - 4 bread rations {@e1}
 j - a meat ration {@e2}
 l - a fruit
 n - a royal jelly


   Skills:
 - Level 3.6 Fighting
 * Level 6.0 Maces & Flails
 - Level 3.2 Armour
 - Level 3.2 Shields


You had 4 spell levels left.
You didn't know any spells.

Dungeon Overview and Level Annotations

Branches:
Dungeon (3/15)

Altars:
Cheibriados
Sif Muna
Vehumet

Annotations:
D:3 grindst0ne's ghost, amateur HOAK


Message History

You now have 159 gold pieces (gained 5).
A - a silvery potion Health restored: 45
Found a stone staircase leading down.
A goblin comes into view.
A goblin is nearby!
The goblin shouts!
You hit the goblin.
You kill the goblin!
Beogh accepts your kill.
Your Maces & Flails skill increases to level 6!
No target in view!
There is a stone staircase leading down here.
You see here a robe.
You see here a robe.
All of the chunks of flesh in your inventory have rotted away.
You swap places.
Found a stone staircase leading down.
x - a dark potion Grindst0ne's ghost (amateur Hill Orc Abyssal Knight) comes into view.
Grindst0ne's ghost turns its malevolent gaze towards you.
Grindst0ne's ghost barely misses you.
You hit grindst0ne's ghost but do no damage.
You are feeling hungry.
Grindst0ne's ghost hits you.
You take 6 damage, and have 39/45 hp.
You closely miss grindst0ne's ghost. You block grindst0ne's ghost's attack.
You closely miss grindst0ne's ghost.
Grindst0ne's ghost hits you but does no damage.
You miss grindst0ne's ghost. You block grindst0ne's ghost's attack.
You hit grindst0ne's ghost. You block grindst0ne's ghost's attack.
Grindst0ne's ghost hits you.
You take 5 damage, and have 35/45 hp.
You closely miss grindst0ne's ghost. Grindst0ne's ghost hits you.
You take 5 damage, and have 30/45 hp.
You hit grindst0ne's ghost. You block grindst0ne's ghost's attack.
You hit grindst0ne's ghost but do no damage.
Grindst0ne's ghost hits you!
You take 8 damage, and have 22/45 hp.
Grindst0ne's ghost hits you!
You take 8 damage, and have 17/45 hp.
Okay, then.
Grindst0ne's ghost says regretfully, "I wish I had corrupted all of this!"
A rat comes into view.
You block the rat's attack.
Your shield and scale mail prevent you from hitting the rat.
The rat bites you but does no damage. You block grindst0ne's ghost's attack.
You hit the rat.
You kill the rat!
Beogh accepts your kill. You block grindst0ne's ghost's attack.
There is a stone staircase leading down here.
Grindst0ne's ghost shouts, "They lied to you.
The Dungeon just goes down and down forever."
You swap places.
Grindst0ne's ghost hits the orc priest!
The orc priest hits grindst0ne's ghost with a hand axe.
Grindst0ne's ghost hits the orc priest.
The orc priest hits grindst0ne's ghost but does no damage.
You swap places.
Grindst0ne's ghost hits you but does no damage.
You miss grindst0ne's ghost. Grindst0ne's ghost hits you.
You take 5 damage, and have 22/45 hp.
Your shield and scale mail prevent you from hitting grindst0ne's ghost.
Grindst0ne's ghost hits you but does no damage.
The orc priest hits grindst0ne's ghost but does no damage.
Grindst0ne's ghost hits you but does no damage.
The orc priest barely misses grindst0ne's ghost.
You hit grindst0ne's ghost but do no damage.
Grindst0ne's ghost hits you.
The orc priest closely misses grindst0ne's ghost.
You take 4 damage, and have 18/45 hp.
You hit grindst0ne's ghost but do no damage.
Grindst0ne's ghost hits you.
The orc priest closely misses grindst0ne's ghost.
You block grindst0ne's ghost's attack.
You take 2 damage, and have 16/45 hp.
You hit grindst0ne's ghost.
The orc priest calls down the wrath of Beogh upon grindst0ne's ghost.
Grindst0ne's ghost is smitten.
Grindst0ne's ghost hits you.
You take 2 damage, and have 14/45 hp.
You closely miss grindst0ne's ghost.
The orc priest invokes the aid of Beogh against grindst0ne's ghost.
Grindst0ne's ghost is smitten.
Grindst0ne's ghost hits you but does no damage.
You hit grindst0ne's ghost.
The orc priest closely misses grindst0ne's ghost.
Grindst0ne's ghost hits you but does no damage.
You hit grindst0ne's ghost.
The orc priest misses grindst0ne's ghost.
Grindst0ne's ghost hits you but does no damage.
You miss grindst0ne's ghost.
The orc priest closely misses grindst0ne's ghost.
Grindst0ne's ghost hits you but does no damage.
Grindst0ne's ghost hits you!
* * * LOW HITPOINT WARNING * * *
The orc priest hits grindst0ne's ghost but does no damage.
You take 7 damage, and have 8/45 hp.
You hit grindst0ne's ghost. You block grindst0ne's ghost's attack.
The orc priest barely misses grindst0ne's ghost.
You hit grindst0ne's ghost. Grindst0ne's ghost hits you!
You die...

#...# #........#..........# #...#
#........#.########.# #...#
#....#####.# #.# ....#
#....#####.# #.# #.###
#........#.###### #.# #..#
#....###........# #.#
##.#####.#.#####.####.## #.#
.#.##....#.....Wo...#.# #.######
.#)##.......####@##.#.####.#.....
..........................>..###.
.##.#........###.####.##########.
.##..........# #.# #.# #........
.###.).......# #.# #.# #........
.# #..)......# #.# #.# #..######
.# ##........# #.# #.# #..# # .#
#.######.# #.# #.# #..# # .. #..#
#.# #.# #.# #..######


You could see grindst0ne's ghost and a neutral orc priest.

Vanquished Creatures
  Sigmund (D:3)
  Crazy Yiuf (D:2)
  Terence (D:2)
  3 worms (D:2)
  A dart slug (D:1)
  4 leopard geckos (D:1)
  An orc (D:3)
  2 bats
  4 giant cockroaches
  5 hobgoblins
  4 jackals
  3 frilled lizards
  5 goblins
  4 kobolds
  11 rats
50 creatures vanquished.

Vanquished Creatures (others)
  2 orcs (D:3)
  A kobold (D:3)
3 creatures vanquished.

Grand Total: 53 creatures vanquished

Notes
Turn   | Place    | Note
-------+----------+-------------------------------------------
     0 | D:1      | drasked the Hill Orc Fighter began the quest for the Orb.
     0 | D:1      | Reached XP level 1. HP: 19/19 MP: 1/1
   161 | D:1      | Reached skill level 3 in Maces & Flails
   161 | D:1      | Reached XP level 2. HP: 26/26 MP: 2/2
   536 | D:2      | Found a runed door.
   587 | D:2      | Found a snail-covered altar of Cheibriados.
   594 | D:2      | Noticed Terence
   605 | D:2      | Reached XP level 3. HP: 31/31 MP: 3/3
   634 | D:2      | Killed Terence
   634 | D:2      | Reached skill level 4 in Maces & Flails
   717 | D:2      | Found a radiant altar of Vehumet.
   743 | D:2      | Reached XP level 4. HP: 32/39 MP: 4/4
   920 | D:2      | Found a radiant altar of Vehumet.
  1143 | D:2      | Found a deep blue altar of Sif Muna.
  1604 | D:2      | Noticed Crazy Yiuf
  1609 | D:2      | Killed Crazy Yiuf
  1609 | D:2      | Reached skill level 5 in Maces & Flails
  1665 | D:3      | Noticed Sigmund
  1881 | D:3      | Became a worshipper of Beogh the Brigand
  1943 | D:3      | Killed Sigmund
  1943 | D:3      | Reached XP level 5. HP: 45/45 MP: 5/5
  2148 | D:3      | Reached skill level 6 in Maces & Flails
  2304 | D:3      | Noticed grindst0ne's ghost (amateur HOAK)
  2412 | D:3      | HP: 8/45 [grindst0ne's ghost (7)]
  2414 | D:3      | Slain by grindst0ne's ghost

Vault maps used:
D:1:      lightli_arrival_maybe_door_vault, minmay_misc_feat_hallway,
          serial_bayou_pond_d, minmay_cut_off
D:2:      cheibriados_altar_1, vehumet_crystals, marbit_many_paths,
          lemuel_tele_altar, uniq_crazy_yiuf_cottage, uniq_terence
D:3:      minmay_distorted, uniq_sigmund

Skill      XL: |  1  2  3  4  5 |
---------------+----------------+-----
Maces & Flails | 3 4 5 6 |  6.0
Fighting       | |  3.6
Armour         | |  3.2
Shields        | |  3.2

Action                   |  1- 3 |  4- 6 || total
-------------------------+-------+-------++-------
Melee: Flail             |    63 |    79 ||   142
Invok: Convert to Beogh  |       |     1 ||     1
  Use: Potion            |     1 |       ||     1
  Eat: Chunk             |       |     4 ||     4
Armor: Scale mail        |    20 |    32 ||    52
Dodge: Dodged            |    14 |    11 ||    25
Block: Shield            |    28 |    34 ||    62

Vault maps used:
D:1:      lightli_arrival_maybe_door_vault, minmay_misc_feat_hallway,
          serial_bayou_pond_d, minmay_cut_off
D:2:      cheibriados_altar_1, vehumet_crystals, marbit_many_paths,
          lemuel_tele_altar, uniq_crazy_yiuf_cottage, uniq_terence
D:3:      minmay_distorted, uniq_sigmund

Table legend:
 A = Turns spent in this place as a percentage of turns spent in the entire game.
 B = Non-inter-level travel turns spent in this place as a percentage of non-inter-level travel turns spent in the entire game.
 C = Inter-level travel turns spent in this place as a percentage of turns spent in this place.
 D = Turns resting spent in this place as a percentage of non-inter-level travel turns spent in this place.
 E = Turns spent auto-exploring this place as a percentage of non-inter-level travel turns spent in this place.
 F = Non-inter-level travel turns spent in this place divided by the number of levels of this place that you've seen.
                   A       B       C       D       E      F
               +-------+-------+-------+-------+-------+----------------------
         Total | 100.0 | 100.0 |   0.5 |   0.2 |  10.1 | 306.0
       Dungeon | 100.0 | 100.0 |   0.5 |   0.2 |  10.1 | 306.0
               +-------+-------+-------+-------+-------+----------------------

Table legend:
 A = Kills in this place as a percentage of kills in entire the game.
 B = Kills by you in this place as a percentage of kills by you in the entire game.
 C = Kills by friends in this place as a percentage of kills by friends in the entire game.
 D = Other kills in this place as a percentage of other kills in the entire game.
 E = Experience gained in this place as a percentage of experience gained in the entire game.
 F = Experience gained in this place divided by the number of levels of this place that you have seen.
                   A       B       C       D       E      F
               +-------+-------+-------+-------+-------+----------------------
         Total | 100.0 | 100.0 |  -nan |  -nan | 100.0 |  76.7
       Dungeon | 100.0 | 100.0 |  -nan |  -nan | 100.0 |  76.7
               +-------+-------+-------+-------+-------+----------------------
